 Dungeon Crawl Stone Soup version 0.28-a0-802-g09f76e8c00 (webtiles) character file.

Game seed: 3947525393143782022

46 avis the Ruffian (level 3, 0/29 HPs)
             Began as a Draconian Warper on Nov 7, 2021.
             Slain by an orc (5 damage)
             ... on level 1 of the Dungeon.
             The game lasted 00:06:25 (1980 turns).

avis the Ruffian (Draconian Warper)                 Turns: 1980, Time: 00:06:26

Health: 0/29       AC:  5    Str: 13    XL:     3   Next: 46%
Magic:  6/6        EV: 12    Int: 14    God:
Gold:   49         SH:  0    Dex: 10    Spells: 6/6 levels left

rFire   . . .      SeeInvis .     - Unarmed
rCold   . . .      Faith    .   (no shield)
rNeg    . . .      Spirit   .   (armour unavailable)
rPois   .          Reflect  .   (helmet restricted)
rElec   .          Harm     .   (no cloak)
rCorr   .          Rampage  .   (no gloves)
Will    .....                   (no boots)
Stlth   +.........              (no amulet)
HPRegen 0.09/turn               (no ring)
MPRegen 0.10/turn               (no ring)

@: no status effects
A: AC +5, unfitting armour, cold-blooded
a: no special abilities


You were on level 1 of the Dungeon.
You visited 1 branch of the dungeon, and saw 2 of its levels.

You collected 49 gold pieces.

Inventory:

Missiles
 b - 5 boomerangs of dispersal (quivered)
 c - 21 stones
 e - 4 atropa-tipped darts
 i - 18 sling bullets
Armour
 d - a +0 buckler
Scrolls
 a - a scroll of blinking
 g - a scroll of amnesia {unknown}
 h - a scroll of immolation {unknown}
 j - a scroll of teleportation {unknown}
 k - a scroll of enchant armour {unknown}
Potions
 f - a potion of ambrosia {unknown}


   Skills:
 - Level 2.1 Fighting
 - Level 0.8 Throwing
 - Level 2.1 Dodging
 * Level 3.8 Unarmed Combat
 - Level 2.0 Spellcasting
 - Level 3.1 Translocations


You had 6 spell levels left.
You didn't know any spells.
Your spell library contained the following spells:

 Spells                   Type           Power      Damage    Failure   Level
 Blink                    Tloc           20%        N/A       10%         2
 Gell's Gravitas          Tloc           10%        N/A       21%         3
 Lesser Beckoning         Tloc           10%        N/A       21%         3
 Teleport Other           Tloc           10%        N/A       21%         3
 Manifold Assault         Tloc           10%        N/A       88%         5


Dungeon Overview and Level Annotations

Branches:
Dungeon (2/15)

Altars:


Innate Abilities, Weirdness & Mutations

Your plain brown scales are hard. (AC +5)
You cannot fit into any form of body armour.
You are cold-blooded and may be slowed by cold attacks.


Message History

The orc priest hits you but does no damage.
You barely miss the orc priest.
Your tail-slap misses the orc priest.
The orc priest hits you but does no damage.
You bump into the rock wall.
The orc priest closely misses you.
You bump into the rock wall.
Something hits you. The orc priest misses you.
You bump into the rock wall.
Something hits you.
The orc priest hits you with a +0 short sword.
Things that are here:
a +0 club; a giant cockroach corpse; a goblin corpse You feel less confused.
You barely miss something. Something hits you.
You closely miss something. Something hits you but does no damage.
You miss something.
The orc priest calls down the wrath of Beogh upon you.
Something writhes in agony.
Something hits you but does no damage.
You hit something. Something hits you.
You closely miss something.
You hear some strange, mumbled words.
A puff of flame appears from out of thin air!
The puff of flame hits you.
You barely miss something.
A kobold comes into view. It is wielding a +0 short sword.
You hear some strange, mumbled words.
You are confused.
The orc priest mumbles some strange prayers to Beogh against you.
Beogh smites you!
* * * LOW HITPOINT WARNING * * *
A magic dart appears from out of thin air!
The magic dart hits you but does no damage.
You bump into the rock wall.
There is a stone staircase leading up here.
You feel less confused. The orc completely misses you.
You climb upwards.
Reactivating autopickup.
There is a stone staircase leading down here.
You hit the orc but do no damage. The orc misses you.
You barely miss the orc.
Your tail-slap misses the orc.
The orc hits you with a +0 club.
You die...

########### ######
#.........#
######....####.#######.#
...............o@......#
######....####.#.#####.#
#.......####.....# #)#
#.......# #.....#####.#
#.......# #.........#.#
#.......####...........#
#........).......#.#.#.#####
#.......###......#.........#
#.......#
#.##.#.#.##...##.######


You could see an orc.

Vanquished Creatures
  2 dart slugs
  5 endoplasms
  3 giant cockroaches
  4 goblins
  A hobgoblin (D:1)
  4 jackals (D:1)
  A kobold (D:1)
  A quokka (D:1)
  4 ball pythons
  8 bats
  2 frilled lizards (D:2)
  A rat (D:1)
36 creatures vanquished.

Notes
Turn   | Place    | Note
-------+----------+-------------------------------------------
     0 | D:1      | avis the Draconian Warper began the quest for the Orb.
     0 | D:1      | Reached XP level 1. HP: 17/17 MP: 3/3
   381 | D:1      | Reached XP level 2. HP: 24/24 MP: 5/5
  1039 | D:1      | Reached XP level 3. HP: 27/29 MP: 6/6
  1980 | D:1      | Slain by an orc

Illustrated notes

Levels and vault maps discovered:
D:1:      erik_arrival_orb_chamber, layout_basic
D:2:      layout_loops_corners

Skill      XL: |  1  2 |
---------------+-------+-----
Unarmed Combat | 3 |  3.8
Fighting       | |  2.1
Throwing       | |  0.8
Dodging        | |  2.1
Spellcasting   | |  2.0
Translocations | |  3.1

Action                   || total
-------------------------++-------
Melee: Unarmed           ||   156
       Tailslap          ||    22
       Punch             ||     1
 Stab: Sleeping          ||     2
Armor: Skin              ||    48
Dodge: Dodged            ||    99

Table legend: (Time is in decaauts)
 A = Elapsed time spent in this place.
 B = Non-inter-level travel time spent in this place.
 C = Inter-level travel time spent in this place.
 D = Time resting spent in this place.
 E = Time spent auto-exploring this place.
 F = Levels seen in this place.
 G = Mean time per level.
                   A        B        C        D        E       F      G
               +--------+--------+--------+--------+--------+-----+--------+
         Total |   1974 |   1859 |    115 |    523 |    926 |   2 |  987.0 |
       Dungeon |   1974 |   1859 |    115 |    523 |    926 |   2 |  987.0 |
               +--------+--------+--------+--------+--------+-----+--------+

Top non-repeatable levels by time:
     D:1: 1555 daAuts
     D:2: 418 daAuts
